 Dungeon Crawl Stone Soup version 0.27.0-1-g7a089689b8 (webtiles) character file.

Game seed: 2172194288780543755

44372 inmateoo the Geomancer (level 14, 0/101 HPs)
             Began as an Octopode Earth Elementalist on Aug 7, 2021.
             Was an Elder of Vehumet.
             Slain by a six-headed hydra (14 damage)
             ... on level 6 of the Lair of Beasts on Aug 8, 2021.
             The game lasted 00:47:44 (25565 turns).

inmateoo the Geomancer (OpEE)                      Turns: 25565, Time: 00:47:45

Health: 0/101      AC:  1    Str:  7    XL:     14   Next: 28%
Magic:  13/28      EV: 20    Int: 22    God:    Vehumet [****..]
Gold:   904        SH:  0    Dex: 19    Spells: 12/33 levels left

rFire    . . .     SeeInvis +   e - +1 dagger (drain)
rCold    . . .     Faith    .   (no shield)
rNeg     . . .     Spirit   .   (helmet restricted)
rPois    .         Reflect  .   B - amulet of the acrobat
rElec    .         Harm     .   k - ring of wizardry
rCorr    .         Rampage  .   x - ring of flight
Will     +....                  z - +6 ring of dexterity
Stlth    ++++++....             n - ring of see invisible
HPRegen  0.26/turn              H - +4 ring of evasion
MPRegen  0.21/turn              (no ring)
                                (no ring)
                                (no ring)

@: flying, invisible
A: almost no armour, amphibious, 8 rings, camouflage 1, gelatinous body 1,
(nimble swimmer 1), tentacles
a: Renounce Religion


You were on level 6 of the Lair of Beasts.
You worshipped Vehumet.
Vehumet was greatly pleased with you.
You visited 3 branches of the dungeon, and saw 20 of its levels.
You also visited: Bailey.

You collected 1344 gold pieces.
You spent 440 gold pieces at shops.

Inventory:

Hand Weapons
 e - a +1 dagger of draining (weapon)
 F - the +7 spear of Patience {flame, Fly rPois}
   (You found it on level 12 of the Dungeon)

   It burns those it strikes, dealing additional fire damage.
   rPois:     It protects you from poison.
   Fly:       It grants you flight.
Missiles
 b - 394 stones
 y - a throwing net (quivered)
Jewellery
 k - a ring of wizardry (left tentacle)
 n - a ring of see invisible (on tentacle)
 x - a ring of flight (right tentacle)
 z - a +6 ring of dexterity (on tentacle)
 B - an amulet of the acrobat (around mantle)
 H - a +4 ring of evasion (on tentacle)
Wands
 a - a wand of iceblast (10)
 l - a wand of polymorph (4)
 u - a wand of paralysis (2)
 C - a wand of mindburst (14)
 G - a wand of acid (13)
Scrolls
 t - 7 scrolls of teleportation
 v - a scroll of fog
 w - a scroll of identify
 A - 3 scrolls of amnesia
 D - 2 scrolls of enchant weapon
Potions
 c - 6 potions of brilliance
 d - 5 potions of heal wounds
 f - 2 potions of cancellation
 g - 4 potions of mutation
 h - 2 potions of attraction
 i - 2 potions of berserk rage
 j - 6 potions of curing
 m - 2 potions of haste
 o - 3 potions of resistance
 q - a potion of might
 r - a potion of ambrosia
 s - 2 potions of magic


   Skills:
 + Level 11.1 Fighting
 - Level 4.0 Short Blades
 + Level 5.4 Dodging
 + Level 10.3 Stealth
 + Level 10.1 Spellcasting
 + Level 8.3 Conjurations
 + Level 7.2 Transmutations
 + Level 12.1 Earth Magic
 + Level 0.4 Evocations


You had 12 spell levels left.
You knew the following spells:

 Your Spells              Type           Power      Damage    Failure   Level
a - Sandblast             Erth           100%       2d20      1%          1
b - Stone Arrow           Conj/Erth      100%       3d13      1%          3
c - Passwall              Tmut/Erth      43%        N/A       1%          2
d - Petrify               Tmut/Erth      52%        N/A       1%          4
e - Iron Shot             Conj/Erth      27%        9d6       1%          6
f - Lee's Rapid Deconstr  Erth           29%        3d16*     1%          5

Your spell library contained the following spells:

 Spells                   Type           Power      Damage    Failure   Level
 Bolt of Magma            Conj/Fire/Erth 20%        4d10      1%          5
 Poisonous Vapours        Pois/Air       22%        N/A       1%          2
 Dazzling Flash           Conj/Hex       58%        N/A       1%          3
 Spider Form              Tmut/Pois      13%        N/A       1%          3
 Fulminant Prism          Conj/Hex       14%        3d9       1%          4
 Hailstorm                Conj/Ice       29%        3d8       1%          4
 Iskenderun's Mystic Bla  Conj/Tloc      29%        2d7       1%          4
 Irradiate                Conj/Tmut      22%        3d21      1%          5
 Iskenderun's Battlesphe  Conj           47%        2d10      1%          5
 Corpse Rot               Necr/Air       N/A        N/A       3%          2
 Ensorcelled Hibernation  Hex/Ice        22%        N/A       3%          2
 Sublimation of Blood     Necr           5%         N/A       3%          2
 Ice Form                 Ice/Tmut       27%        N/A       5%          4
 Swiftness                Air            11%        N/A       8%          3
 Teleport Other           Tloc           11%        N/A       8%          3
 Starburst                Conj/Fire      14%        8x6d6     17%         6
 Dispel Undead            Necr           11%        3d9       24%         4
 Spellforged Servitor     Conj/Summ      14%        N/A       61%         7
 Invisibility             Hex            5%         N/A       97%         6
 Shadow Creatures         Summ           N/A        N/A       97%         6
 Simulacrum               Ice/Necr       5%         N/A       97%         6


Dungeon Overview and Level Annotations

Branches:
Dungeon (13/15)            Temple (1/1) D:4            Lair (6/6) D:11
  Swamp (0/4) Lair:2        Snake (0/4) Lair:2        Slime (0/5) Lair:5
    Orc (0/2) D:9          Bailey (visited)
 Vaults: D:13-14

Altars:
Cheibriados
Gozag
Hepliaklqana
Kikubaaqudgha
Nemelex Xobeh
Okawaru
Qazlal
Ru
Sif Muna
Trog
Uskayaw
Vehumet
Xom
Yredelemnul
The Shining One

Shops:
D:2 (   D:5 (   D:6 *   D:11 *

Annotations:
D:4 Pikel
Lair:1 3 runed translucent doors, Firil's ghost, journeyman OpFE; Kuidesed's ghost, journeyman DrCj; Suckerboh's ghost, journeyman DECj


Innate Abilities, Weirdness & Mutations

You cannot wear most types of armour.
You are amphibious.
You can wear up to eight rings at the same time.
Your skin changes colour to match your surroundings (Stealth+).
Your rubbery body absorbs attacks. (AC +1, EV +1)
((You are camouflaged near water. (Stealth+)))
You have tentacles for arms and can constrict up to eight enemies at once.


Message History

The six-headed hydra is lightly wounded.
The iceblast engulfs the dream sheep!
The dream sheep is severely wounded.
The iceblast engulfs the rime drake!
The rime drake partially resists.
The rime drake is lightly wounded.
A dream sheep comes into view.
The dream sheep misses you.
Unknown command.
Unknown command.
Aiming: Iceblast
Press: ? - help, Shift-Dir - straight line, f - dream sheep
Aim: a dream sheep (severely wounded)
The mass of ice explodes!
The iceblast engulfs the dream sheep!!
You kill the dream sheep!
Vehumet accepts your kill.
You feel your power returning.
The iceblast engulfs the dream sheep!
The dream sheep is almost dead.
The iceblast engulfs the six-headed hydra!
The six-headed hydra is lightly wounded.
The iceblast engulfs the rime drake!
The rime drake partially resists.
The rime drake is moderately wounded.
The dream sheep bleats!
The six-headed hydra is no longer petrified.
The dream sheep bites you.
Okay, then.
The dream sheep shake their wool and sparkle.
You feel drowsy...
You fall asleep.
The six-headed hydra bites you!
You wake up.
* * * LOW HITPOINT WARNING * * *
The six-headed hydra closely misses you. x2
The six-headed hydra bites you.
* * * LOW HITPOINT WARNING * * *
The six-headed hydra completely misses you.
The six-headed hydra bites you!
* * * LOW HITPOINT WARNING * * *
Unknown command.
You fade into invisibility!
The six-headed hydra completely misses you.
The six-headed hydra barely misses you. The six-headed hydra bites you!
You die...

#.#...........?#....
##.............P#...#
#P.....#........# #..
##P..............#
#.........Y.k..##
##........Y.....#
##..........#..#
#.....YD......P#
#.....@P....####
#............##
##............#
#...P........###
##........#..#.#
###......)#.#..##
##..............P#
#................###
##
#...............#..#
#.


You could see a six-headed hydra, a rime drake (petrified) and 3 dream sheep.

Vanquished Creatures
  2 boulder beetles
  5 hydras
  A centaur warrior (D:12)
  A two-headed ogre (D:9)
  A bog body (Lair:2)
  An orc knight (Bailey)
  2 cyclopes (D:12)
  2 manticores
  An ugly thing (D:11)
  A black mamba (Lair:6)
  A gargoyle (D:12)
  A torpor snail (Lair:3)
  6 komodo dragons
  6 cane toads
  2 unseen horrors (D:10)
  A rime drake (Lair:1)
  2 trolls
  7 polar bears
  8 blink frogs
  2 hornets
  9 dream sheep
  A meliai zombie (D:11)
  2 shadows (D:11)
  3 wyverns
  2 wraiths
  A water elemental (D:11)
  32 yaks
  3 basilisks
  A steam dragon (D:8)
  3 swamp worms (Lair:2)
  2 vampire mosquitoes (D:12)
  2 nagas (Lair:2)
  14 water moccasins
  2 acid dragons
  2 black bears
  A hornet zombie (D:7)
  2 sky beasts
  4 orc warriors
  A necrophage (D:5)
  2 ice beasts
  An ogre (D:6)
  10 wolves
  13 centaurs
  A lemure (D:4)
  A kobold brigand (D:8)
  12 bullfrogs
  A gnoll sergeant (D:11)
  A scorpion (D:6)
  5 killer bees (D:9)
  11 wights
  An electric eel (D:11)
  3 bullfrog zombies
  4 centaur zombies
  A jelly (D:7)
  6 orc priests
  A centaur skeleton (D:4)
  5 hounds
  A bullfrog skeleton (D:4)
  4 iguanas
  2 orc wizards (D:8)
  11 hell rats
  Natasha (thrice) (D:3)
  A hound skeleton (D:4)
  A howler monkey zombie (D:9)
  Robin (D:3)
  29 gnolls
  A howler monkey skeleton (D:7)
  4 adders
  A white imp (D:8)
  An ufetubus (D:6)
  2 dart slugs
  17 orcs
  5 endoplasms
  3 giant cockroaches
  11 goblins
  19 hobgoblins
  3 jackals (D:1)
  2 quokkas
  7 ball pythons
  2 bats
  2 frilled lizards
  20 kobolds
  8 rats
380 creatures vanquished.

Vanquished Creatures (others)
  12 fungi
  56 plants
  4 withered plants (Lair:1)
72 creatures vanquished.

Grand Total: 452 creatures vanquished

Notes
Turn   | Place    | Note
-------+----------+-------------------------------------------
     0 | D:1      | inmateoo the Octopode Earth Elementalist began the quest
                  | for the Orb.
     0 | D:1      | Reached XP level 1. HP: 11/11 MP: 3/3
   507 | D:1      | Reached XP level 2. HP: 17/17 MP: 5/5
   510 | D:1      | Learned a level 2 spell: Passwall
   729 | D:1      | Reached XP level 3. HP: 21/22 MP: 2/6
  1166 | D:2      | Reached skill level 1 in Fighting
  1312 | D:2      | Found a faded altar of an unknown god.
  1539 | D:2      | Reached XP level 4. HP: 28/28 MP: 7/7
  1771 | D:2      | Found Udothrogh's Weapon Emporium.
  1971 | D:3      | Noticed Natasha
  1978 | D:3      | Killed Natasha
  2190 | D:3      | Noticed Natasha
  2225 | D:3      | Killed Natasha
  2226 | D:3      | Reached XP level 5. HP: 29/33 MP: 4/8
  2407 | D:3      | Noticed Robin
  2419 | D:3      | Killed Robin
  2585 | D:3      | Learned a level 3 spell: Stone Arrow
  2681 | D:3      | Noticed Natasha
  2685 | D:3      | Killed Natasha
  3354 | D:4      | Noticed a lemure
  3354 | D:4      | Noticed a lemure
  3354 | D:4      | Noticed a lemure
  3355 | D:4      | Noticed Pikel
  3391 | D:4      | Killed a lemure
  3656 | D:4      | Noticed a lemure
  3781 | D:4      | Found a staircase to the Ecumenical Temple.
  3789 | Temple   | Entered the Ecumenical Temple
  4097 | Temple   | Became a worshipper of Vehumet
  4128 | Temple   | Reached XP level 6. HP: 22/39 MP: 5/10
  4430 | D:4      | Reached skill level 1 in Conjurations
  4907 | D:4      | Reached skill level 4 in Earth Magic
  5332 | D:5      | Entered Level 5 of the Dungeon
  5386 | D:5      | Noticed a black bear
  5390 | D:5      | Killed a black bear
  5391 | D:5      | Reached skill level 5 in Stealth
  5391 | D:5      | Reached XP level 7. HP: 45/45 MP: 0/12
  5709 | D:5      | Found Lesur's Weapon Emporium.
  5963 | D:5      | Found a hazy altar of Hepliaklqana.
  6669 | D:6      | Reached * piety under Vehumet
  6669 | D:6      | Offered knowledge of Shock by Vehumet.
  6821 | D:6      | Reached XP level 8. HP: 50/50 MP: 11/14
  6902 | D:6      | Reached skill level 5 in Earth Magic
  6943 | D:6      | Found Otetzall's CLEARANCE SALE! EVERYTHING MUST GO!.
  6951 | D:6      | Bought a potion of curing for 24 gold pieces
  7383 | D:7      | Learned a level 4 spell: Petrify
  7531 | D:7      | Found a flagged portal.
  7577 | Bailey   | Entered a bailey
  7847 | Bailey   | Reached ** piety under Vehumet
  7923 | Bailey   | Offered knowledge of Magic Dart by Vehumet.
  8030 | Bailey   | Noticed an orc knight
  8245 | Bailey   | Killed an orc knight
  8246 | Bailey   | Reached skill level 5 in Spellcasting
  8246 | Bailey   | Reached XP level 9. HP: 50/57 MP: 4/16
  8483 | D:7      | Reached skill level 6 in Earth Magic
  8641 | D:7      | Noticed a hornet
  8653 | D:7      | Killed a hornet
  9270 | D:8      | Reached skill level 1 in Short Blades
  9398 | D:8      | Reached skill level 5 in Conjurations
 10737 | D:8      | Reached skill level 7 in Earth Magic
 10883 | D:8      | Reached XP level 10. HP: 61/63 MP: 4/19
 11123 | D:8      | Offered knowledge of Mephitic Cloud by Vehumet.
 11316 | D:9      | Found a staircase to the Orcish Mines.
 11698 | D:9      | Noticed a two-headed ogre
 11708 | D:9      | Killed a two-headed ogre
 11709 | D:9      | Reached skill level 8 in Earth Magic
 11924 | D:9      | Reached *** piety under Vehumet
 11931 | D:9      | Reached skill level 9 in Earth Magic
 12554 | D:10     | Entered Level 10 of the Dungeon
 12668 | D:10     | Killed an unseen horror
 13359 | D:10     | Killed an unseen horror
 13641 | D:11     | Reached XP level 11. HP: 67/70 MP: 18/21
 13654 | D:11     | Noticed a four-headed hydra
 13660 | D:11     | Killed a four-headed hydra
 14018 | D:11     | Found Sirul's Demolitions Depot.
 14047 | D:11     | Noticed a manticore
 14084 | D:11     | Found a staircase to the Lair.
 14097 | D:11     | Offered knowledge of Hailstorm by Vehumet.
 14100 | D:11     | Reached skill level 5 in Transmutations
 14516 | D:11     | Reached skill level 5 in Fighting
 14640 | D:11     | Noticed a green ugly thing
 14650 | D:11     | Killed a green ugly thing
 14829 | D:11     | Learned a level 6 spell: Iron Shot
 14833 | D:11     | Killed a manticore
 15309 | D:11     | Bought a book of Blasting for 416 gold pieces
 15320 | D:11     | Learned a level 5 spell: Lee's Rapid Deconstruction
 15447 | D:12     | Noticed a boulder beetle
 15483 | D:12     | Killed a boulder beetle
 15555 | D:12     | Noticed a cyclops
 15561 | D:12     | Identified the +7 spear of Patience {flame, Fly rPois}
 15585 | D:12     | Killed a cyclops
 15585 | D:12     | Reached **** piety under Vehumet
 15704 | D:12     | Noticed a cyclops
 15708 | D:12     | Killed a cyclops
 15750 | D:12     | Reached skill level 5 in Dodging
 15886 | D:12     | Noticed a centaur warrior
 15904 | D:12     | Killed a centaur warrior
 15905 | D:12     | Reached skill level 10 in Stealth
 15905 | D:12     | Reached XP level 12. HP: 28/78 MP: 7/24
 16249 | D:12     | Noticed a fire dragon
 16265 | D:12     | Reached skill level 10 in Fighting
 16265 | D:12     | Reached XP level 13. HP: 92/92 MP: 25/25
 16552 | Lair:1   | Entered Level 1 of the Lair of Beasts
 16606 | Lair:1   | Offered knowledge of Ignite Poison by Vehumet.
 16792 | Lair:1   | You are sucked into a shaft and drop 1 floor!
 16809 | Lair:2   | Reached skill level 10 in Earth Magic
 17009 | Lair:1   | Found a runed translucent gate.
 17009 | Lair:1   | Found a runed translucent gate.
 17009 | Lair:1   | Found a runed translucent gate.
 17017 | Lair:1   | Noticed Suckerboh's ghost (journeyman DECj)
 17017 | Lair:1   | Noticed Firil's ghost (journeyman OpFE)
 17017 | Lair:1   | Noticed Kuidesed's ghost (journeyman DrCj)
 19416 | Lair:2   | Found a staircase to the Swamp.
 19883 | Lair:2   | Found a staircase to the Snake Pit.
 20000 | Lair:2   | Found the +8 orange crystal plate armour {Archmagi, Int+3
                  | Clar}
 20686 | Lair:2   | Got the Papyrus of Translocation and the Mountains
 21216 | Lair:3   | Reached skill level 11 in Earth Magic
 21406 | Lair:3   | Reached ***** piety under Vehumet
 21858 | Lair:3   | Got the Tome of Poisoning and Unholy Rites
 21911 | Lair:3   | Offered knowledge of Bolt of Magma by Vehumet.
 21991 | Lair:3   | You are sucked into a shaft and drop 1 floor!
 23355 | Lair:4   | Reached XP level 14. HP: 101/101 MP: 27/27
 23524 | Lair:5   | Reached skill level 10 in Spellcasting
 23591 | Lair:5   | Found a staircase to the Slime Pits.
 24373 | Lair:5   | Reached skill level 12 in Earth Magic
 24608 | Lair:6   | Entered Level 6 of the Lair of Beasts
 25565 | Lair:6   | Slain by a six-headed hydra

Illustrated notes

Levels and vault maps discovered:
D:1:      zaba_arrival_water, layout_loops_ring
D:2:      layout_basic, serial_shops, shop, ebering_ecumenical_altar_rust,
          minivault_11
D:3:      layout_basic, uniq_robin, uniq_natasha
D:4:      layout_basic, minmay_temple_entry_proselytizer, uniq_pikel
D:5:      layout_loops_cross, amcnicky_altar_gilded, serial_shops, shop,
          minmay_misc_feat_cross, grunt_ministairs_12
D:6:      layout_loops_cross, nicolae_shop_clearance
D:7:      layout_loops_ring, enter_bailey_3
D:8:      layout_gridville, kennysheep_dice
D:9:      layout_roguey, orc_0_dummy
D:10:     layout_cave_pools, serial_park, serial_park_tiny_pond,
          serial_park_avenue1, chequers_serial_rivers_marsh, grunt_ministairs_1
D:11:     layout_loops_ring, erik_lair_island, nicolae_blasting_shop
D:12:     layout_gridville, minmay_pinched_square
D:13:     layout_gridville, serial_shops, kennysheep_little_box
Temple:   nicolae_temple_the_god_donut
Lair:1:   wad_woods_structure_01, layout_gridlike, gammafunk_ghost_cemetery
Lair:2:   layout_cave_shapes, skrybe_swamp_entry_bodies,
          minmay_snake_entry_guardpost_small, worms_lemuel, lemuel_fruit_tree
Lair:3:   layout_layer_cave, minmay_holes, cheibrodos_lair_lostbears
Lair:4:   layout_regular_city, serial_bayou_shore_b
Lair:5:   layout_layer_cave, dpeg_slime_entry_corner
Lair:6:   evilmike_catoblepas_cave, layout_cave_shapes,
          ebering_ghost_inner_flame

Skill      XL: |  1  2  3  4  5  6  7  8  9 10 11 12 13 14 |
---------------+-------------------------------------------+-----
Stealth        | 3 4 5 6 8 10 | 10.3
Fighting       | 1 2 3 4 5 10 11 | 11.1
Transmutations | 2 3 4 5 6 7 |  7.2
Dodging        | 3 5 |  5.4
Conjurations   | 2 3 4 5 6 8 |  8.3
Spellcasting   | 3 4 5 6 7 8 9 10 | 10.1
Earth Magic    | 4 5 7 9 11 12 | 12.1
Short Blades   | 3 4 |  4.0
Evocations     | |  0.4

Action                   |  1- 3 |  4- 6 |  7- 9 | 10-12 | 13-15 || total
-------------------------+-------+-------+-------+-------+-------++-------
Melee: Unarmed           |    18 |       |       |       |       ||    18
       Tentacles         |    12 |    10 |    20 |    26 |    45 ||   113
       Constrict         |    14 |    11 |    23 |    10 |    49 ||   107
       Dagger            |    39 |    45 |   112 |   193 |   192 ||   581
       Spear             |       |       |       |     3 |     3 ||     6
 Cast: Sandblast         |     7 |    71 |    70 |    12 |     9 ||   169
       Passwall          |     1 |     4 |     6 |     2 |     3 ||    16
       Stone Arrow       |       |     4 |    63 |    46 |    70 ||   183
       Petrify           |       |       |    19 |    43 |    72 ||   134
       Iron Shot         |       |       |       |     4 |     1 ||     5
       Lee's Rapid Decon |       |       |       |     3 |    27 ||    30
Evoke: Wand              |       |       |     1 |     1 |    13 ||    15
  Use: Scroll            |     3 |     5 |     5 |     3 |    12 ||    28
       Potion            |       |       |     5 |     3 |     4 ||    12
 Stab: Sleeping          |    14 |    12 |    12 |    11 |    16 ||    65
       Distracted        |     1 |       |       |       |       ||     1
       Petrified         |       |       |    30 |    39 |    70 ||   139
       Petrifying        |       |       |       |     3 |     6 ||     9
       Invisible         |       |       |       |       |     1 ||     1
Armor: Skin              |     5 |     3 |    30 |   121 |     4 ||   163
Dodge: Dodged            |    34 |    39 |   112 |   114 |   152 ||   451
Block: Other             |       |       |       |    41 |     2 ||    43
       Reflection        |       |       |       |     2 |       ||     2
